 Dungeon Crawl Stone Soup version 0.20-a0-984-ge8aa303 (webtiles) character file.

2005249 Sharkman1231 the Slayer (level 27, 335/335 HPs)
             Began as a Minotaur Artificer on Apr 9, 2017.
             Was the Champion of Cheibriados.
             Escaped with the Orb
             ... and 3 runes on Apr 11, 2017!
             The game lasted 02:19:13 (50799 turns).

Sharkman1231 the Slayer (Minotaur Artificer)       Turns: 50799, Time: 02:19:14

Health: 335/335    AC: 39    Str: 32    XL:     27
Magic:  30/35      EV: 41    Int: 26    God:    Cheibriados [******]
Gold:   4006       SH: 19    Dex: 34    Spells: 21/44 levels left

rFire    . . .     SeeInvis +     - Unarmed
rCold    . . .     Gourm    .   o - +1 shield {rPois}
rNeg     + . .     Faith    .   (armour currently unavailable)
rPois    ∞         Spirit   .   N - +2 hat {SInv}
rElec    +         Reflect  .   l - +2 cloak
rCorr    .         Harm     .   (gloves currently unavailable)
MR       +++..     Clarity  +   (boots currently unavailable)
Stlth    +.........             O - amulet "Uledol" {MR+ Regen+}
Regen    1.1/turn               Z - +6 ring of protection
MPRegen  0.3/turn               d - +5 ring of evasion

@: statue-form, very slow
A: retaliatory headbutt, horns 2, see invisible, clarity, deformed body,
deterioration 2, dopey 1, MP-powered wands
0: Orb of Zot
}: 3/15 runes: barnacled, silver, gossamer
a: End Transformation, Bend Time, Temporal Distortion, Slouch, Step From Time,
Renounce Religion


You escaped.
You worshipped Cheibriados.
Cheibriados was exalted by your worship.
You were not hungry.
You were a stone statue.
You visited 9 branches of the dungeon, and saw 49 of its levels.
You visited 1 bazaar.
You also visited: Labyrinth, Ice Cave and Volcano.

You collected 7317 gold pieces.
You spent 3311 gold pieces at shops.

Inventory:

Missiles
 b - 12 throwing nets (quivered)
Armour
 g - a +2 pair of gloves of archery (melded)
 l - a +2 cloak (worn)
 o - a +1 shield of poison resistance (worn)
 K - a +2 pair of boots of flying (melded)
 N - a +2 hat of see invisible (worn)
 Y - the +2 robe of Vines (melded) {NoPotionHeal Regen+7}
   (You took it off a deep elf archer on level 3 of the Elven Halls)

   It increases your rate of regeneration.
Jewellery
 c - the macabre finger necklace {rN+}
   (You took it off an ogre mage on level 1 of the Depths)

   [amulet of nothing]

   It protects you from negative energy.
 d - a +5 ring of evasion (right hand)
 h - an uncursed ring of wizardry
 i - an uncursed ring of protection from fire
 s - an uncursed ring of poison resistance
 M - the ring of Vez Aqyo {Fire rElec MP+9 Slay+2}
   (You took it off a deep elf death mage on level 3 of the Elven Halls)

   [ring of fire]

   It enhances your fire magic.
   It affects your accuracy and damage with ranged weapons and melee attacks
   (+2).
   It protects you from fire.
   It makes you vulnerable to cold.
   It insulates you from electricity.
   It affects your magic capacity (+9).
 O - the amulet "Uledol" (around neck) {MR+ Regen+}
   (You found it on level 9 of the Dungeon)

   [amulet of regeneration]

   It affects your resistance to hostile enchantments.
   It increases your rate of regeneration.
 P - a ring of the Octopus King {rC+ AC+1 EV+1 Str+1 Int+1 Dex+1}
   (You took it off a fire giant on level 5 of the Vaults)

   [ring of protection from cold]

   It affects your AC (+1).
   It affects your evasion (+1).
   It affects your strength (+1).
   It affects your intelligence (+1).
   It affects your dexterity (+1).
   It protects you from cold.
 S - an uncursed ring of protection from magic
 V - an uncursed ring of resist corrosion
 Z - a +6 ring of protection (left hand)
Wands
 e - a wand of digging (11/24)
 p - a wand of digging (12/24)
Scrolls
 a - a scroll of amnesia
 j - 20 scrolls of teleportation
 k - 23 scrolls of remove curse
 m - a scroll of blinking
 t - 3 scrolls of silence
 u - 8 scrolls of fog
 v - 3 scrolls of vulnerability
 x - 10 scrolls of recharging
 y - 11 scrolls of immolation
 A - 2 scrolls of enchant armour
 B - 2 scrolls of torment
 F - 3 scrolls of identify
 G - a scroll of summoning
 J - 6 scrolls of fear
 T - 2 scrolls of holy word
Potions
 w - 17 potions of curing
 D - 4 potions of agility
 E - 2 potions of cancellation
 H - 3 potions of might
 Q - 4 potions of ambrosia
 R - 4 potions of lignification
 U - 7 potions of heal wounds
 W - 2 potions of resistance
 X - 2 potions of magic
Comestibles
 f - 15 bread rations
 n - 11 meat rations
 q - 27 royal jellies
 z - 36 fruits


   Skills:
 + Level 23.2 Fighting
   Level 1.1 Short Blades
 - Level 13.5 Armour
 + Level 20.0 Dodging
 - Level 0.7 Stealth
 - Level 16.0 Shields
 - Level 22.6 Unarmed Combat
 - Level 9.0 Spellcasting
 - Level 8.4 Hexes
 - Level 12.0 Transmutations
 - Level 9.1 Air Magic
 - Level 13.7 Earth Magic
 - Level 15.1 Invocations
 - Level 2.6 Evocations


You had 21 spell levels left.
You knew the following spells:

 Your Spells              Type           Power        Failure   Level  Hunger
a - Statue Form           Tmut/Erth      ######...    4%          6    ######.
b - Blade Hands           Tmut           ######....   1%          5    ####...
c - Apportation           Tloc           ##....       6%          1    None
d - Regeneration          Chrm/Necr      ##........   17%         3    None
e - Summon Butterflies    Summ           ##......     6%          1    None
f - Silence               Hex/Air        ######....   4%          5    ####...
g - Blink                 Tloc           N/A          10%         2    None


Dungeon Overview and Level Annotations

Branches:
Dungeon (15/15)            Temple (0/1) D:6            Lair (6/6) D:10
 Shoals (4/4) Lair:4       Spider (4/4) Lair:4        Slime (0/5) Lair:6
    Orc (2/2) D:10            Elf (3/3) Orc:2        Vaults (5/5) D:13
  Crypt (0/3) Vaults:2     Depths (5/5) D:15            Zot (5/5) Depths:5

Altars:
Cheibriados
Dithmenos
Elyvilon
Gozag
Hepliaklqana
Kikubaaqudgha
Makhleb
Nemelex Xobeh
Qazlal
Sif Muna
Trog
Uskayaw
Vehumet
Wu Jian
Xom
Beogh
Jiyva

Shops:
D:7 ?   Orc:2 ([*=:   Elf:2 !

Portals:
Hell: Depths:2
Pandemonium: Depths:2
Ziggurat: Depths:2
Trove: D:10 (give 8 potions of agility)


Innate Abilities, Weirdness & Mutations

You reflexively headbutt those who attack you in melee.
You have a pair of horns on your head.
You have supernaturally acute eyesight. (SInv)
You possess an exceptional clarity of mind.
Armour fits poorly on your strangely shaped body.
Your body often deteriorates upon taking damage.
You are dopey. (Int -2)
You expend magic power (3 MP) to strengthen your wands.


Message History

(? for menu, Esc to cancel) < or
Z - a +6 ring of protection > or
P - a ring of the Octopus King {rC+ AC+1 EV+1 Str+1 Int+1 Dex+1} You remove your ring of the Octopus King {rC+ AC+1 EV+1 Str+1 Int+1 Dex+1}.
d - a +5 ring of evasion (right hand) Unknown command.
Unknown command.
Unknown command.
Casting: Statue Form
Confirm with . or Enter, or press ? or * to list all spells.
You turn into a living statue of rough stone.
Your +2 pair of gloves of archery melds into your body.
Your +2 pair of boots of flying melds into your body.
The +2 robe of Vines {NoPotionHeal Regen+7} melds into your body.
Your aim is not that steady anymore.
You float gracefully downwards.
The vines fall away from your body!
You now have 335/335 hp.
Unknown command.
Unknown command.
You have escaped!

.......>....# #..............
##.##.......########.............
...##[......##.....########...###
#####......##.......## #...... #
######'#.........## #.#.### #
##...........#####...# #
#####.............'..#...# #
###.##..............##.....# #
#............8.........##.####
####.#.##..............##........
...†.#.###.............#..##.....
######.####...........##..##.##.#
#....##.........##..........
#######'.......##....##.##.#
###.....'##....##.....
#########....†......
#.......#####.###.


There were no monsters in sight!

Vault maps used:
D:1:      lemuel_arrival_rhombus, wad_floor_pattern_2, hex_tiny
D:2:      lemuel_coloured_pillars_altar, overflow_temple_1_default, uniq_robin
D:3:      uniq_natasha
D:5:      minitemple, first_bread
D:6:      slow_altar_1, minmay_temple_entry_nine_rooms, st_stairs_6,
          minmay_checkerbox
D:7:      eat_drink_and_be_merry_uskayaw, serial_shops, nicolae_shop_crystal,
          nicolae_gozag_seed_capital
D:8:      overflow_temple_1_default, kennysheep_mini_moat,
          hangedman_little_slice_of_home, minmay_statues_item,
          minmay_misc_feat_diagonals, minivault_22
D:9:      nicolae_dithmenos_the_darkroom, small_chamber_with_monster,
          hangedman_corner_corridor
D:10:     grunt_lair_entry_orc_guard_hut, orc_0_dummy,
          nicolae_trove_entry_path_of_doom
D:12:     minmay_klotski, serial_corexii_hall, corexii_hall_statues_t,
          corexii_hall_statues_t
D:13:     lightli_vaults_fourway_checkpoint, lab_entry_generic
D:14:     makhleb_altar_promises_db
D:15:     gammafunk_enter_depths_forms, serial_park_tiny_1, uniq_agnes,
          uniq_josephine, uniq_roxanne
Lair:1:   st_stairs_9, patterned_corridor
Lair:2:   serial_bayou_lake_a, grunt_megastairs_2
Lair:3:   special_room, hangedman_lair_unloving_vines, wad_woods_road_06,
          serial_bayou_shore_a, uniq_rupert
Lair:4:   elwin_shoals_entry_rooms, spider_nest_entry_a, enter_volcano_2
Lair:6:   gammafunk_lair_ancient_temple, slime_altar_1, serial_bayou_pond_e,
          st_stairs_8, small_statue_intersection, grunt_megastairs_4
Shoals:4: shoals_end_grunt_ice, shoal_ilsuiw
Spider:1: spider_trap
Spider:2: uniq_arachne, uniq_jorgrun, uniq_azrael
Spider:4: spider_rune_water
Orc:1:    nicolae_orc_accident_3, basic_altar, portal_ice_cave_entry_imps,
          uniq_snorg, uniq_erolcha, uniq_erica
Orc:2:    grunt_orc_gardens, grunt_orc_garden, grunt_orc_garden,
          grunt_orc_garden, grunt_orc_garden, serial_shops, shop
Elf:1:    minmay_elf_crystal_hexagon, hangedman_elf_represent
Elf:2:    serial_shops, bzr_in_the_mist, shop, basic_altar
Elf:3:    grunt_elf_hall_spiral
Vaults:1: nicolae_vaults_network_quincunx, v_misc_27,
          vaults_standard_mumra_lines, nicolae_vaults_big_ls, v_misc_32,
          nicolae_vaults_mini_display_case, v_misc_8, nicolae_vaults_little_ls,
          vaults_mumra_chevron, vaults_room_octagon, ontoclasm_vaults_shout,
          v_misc_13, nicolae_vaults_specimen_jars
Vaults:2: vaults_dpeg_diagonal, ontoclasm_vaults_bender, ontoclasm_vaults_twist,
          vaults_room_pools, v_alt_pattern_4, v_misc_19,
          ontoclasm_vaults_gateway, nicolae_vaults_big_angled_halls, v_rooms_4,
          grunt_vaults_diagonal, v_alt_pattern_2, vaults_dpeg_encased_lava,
          v_pattern_1, minmay_crypt_entry_simple_plaza,
          nicolae_vaults_rhombus_5, uniq_aizul
Vaults:3: nicolae_vaults_halls_meeting, v_misc_22, v_misc_4, vaults_mumra_lcd,
          v_misc_5, grunt_vaults_funnel, nicolae_vaults_bisected_slash,
          vaults_dpeg_ring, ontoclasm_vaults_pinch, dpeg_vaults_monster_box,
          serial_ice_h, uniq_asterion, uniq_frederick, uniq_margery
Vaults:4: st_greater_box_4, v_rooms_3, nicolae_vaults_little_squares_5,
          v_misc_2, ontoclasm_vaults_hangar, v_pattern_4,
          hangedman_vaults_capsules, uniq_sojobo
Vaults:5: serial_shops
Depths:1: abyss_entry, serial_shops, nicolae_shop_stone, hell_entry,
          grunt_decor_arrowhead, minmay_shop_grove
Depths:2: little_maze_vault, enter_ziggurat_e, hangedman_decor_peaks_small,
          rand_demon_pan_entry_3, hell_entry, minmay_staircase_windowed_large
Depths:3: kennysheep_gozag_temple, pf_hell_entry_tar_river,
          rand_demon_pan_entry_8, serial_bayou_ford_a, minmay_fountain_box,
          serial_bayou_shore_b, uniq_bai_suzhen, uniq_enchantress
Depths:4: minmay_shrinking_squares, pan_entry, abyss_entry,
          serial_bayou_lagoon_a, pf_dread_powers_of_hell,
          minmay_hollow_rounded_squares, minmay_staircase_statues
Depths:5: grunt_zot_entry_bicorn, kennysheep_crisscross, hellmouth_1,
          minmay_shop_star
Zot:1:    regret_index_qazlal_generations, st_stairs_13
Zot:2:    hangedman_zot_diagonal_lockstep, grunt_ministairs_1
Zot:3:    grunt_megastairs_1
Zot:4:    lemuel_elevator
Lab:      labyrinth_hidden_loot, nicolae_lab_do_over, nicolae_lab_plus,
          lab_fountain, nicolae_lab_dead_end, nicolae_lab_quarters,
          labyrinth_skeletal_remains, nicolae_lab_arrow, nicolae_lab_grate,
          nicolae_lab_flowing_pool, nicolae_lab_x
Bazaar:   bazaar_minmay_cross
IceCv:    ice_cave_small_necro
Volcano:  volcano_tomb

Notes
Turn   | Place    | Note
-------+----------+-------------------------------------------
     0 | D:1      | Sharkman1231 the Minotaur Artificer began the quest for the Orb.
     0 | D:1      | Reached XP level 1. HP: 16/16 MP: 1/1
   108 | D:1      | Reached XP level 2. HP: 9/23 MP: 3/3
   112 | D:1      | Reached skill level 1 in Unarmed Combat
   390 | D:1      | Reached skill level 1 in Armour
   654 | D:1      | Reached XP level 3. HP: 23/28 MP: 4/4
  1105 | D:2      | Noticed Robin
  1108 | D:2      | Reached skill level 2 in Fighting
  1111 | D:2      | Reached XP level 4. HP: 20/36 MP: 5/5
  1333 | D:2      | Killed Robin
  1565 | D:2      | Found a sparkling altar of Nemelex Xobeh.
  1749 | D:2      | Found a bloodstained altar of Trog.
  2456 | D:3      | HP: 1/37 [orc/mace (3)]
  2789 | D:3      | Reached XP level 5. HP: 17/42 MP: 6/6
  3134 | D:3      | Noticed Natasha
  3144 | D:3      | Killed Natasha
  3144 | D:3      | Reached skill level 3 in Fighting
  3332 | D:3      | Noticed Natasha
  3338 | D:3      | Killed Natasha
  3338 | D:3      | Reached XP level 6. HP: 35/51 MP: 7/7
  3647 | D:3      | Noticed Natasha
  3655 | D:3      | Killed Natasha
  4092 | D:4      | Reached skill level 5 in Unarmed Combat
  4341 | D:5      | Entered Level 5 of the Dungeon
  4428 | D:5      | Reached XP level 7. HP: 31/58 MP: 8/8
  4891 | D:5      | Reached skill level 4 in Fighting
  5026 | D:5      | Upgraded the game from 0.20-a0-971-g5896763 to 0.20-a0-972-gb9bd3e6
  5124 | D:5      | Found an ancient bone altar of Kikubaaqudgha.
  5126 | D:5      | Found a stormy altar of Qazlal.
  5127 | D:5      | Found a hazy altar of Hepliaklqana.
  5132 | D:5      | Found an ornate altar of the Wu Jian Council.
  5133 | D:5      | Found a deep blue altar of Sif Muna.
  5134 | D:5      | Found a shimmering altar of Xom.
  5570 | D:6      | Found a snail-covered altar of Cheibriados.
  5591 | D:6      | Became a worshipper of Cheibriados the Contemplative
  5595 | D:6      | Reached skill level 5 in Dodging
  5595 | D:6      | Reached XP level 8. HP: 66/67 MP: 9/9
  5666 | D:6      | Reached skill level 5 in Fighting
  5666 | D:6      | Reached skill level 5 in Armour
  6616 | D:6      | You fall through a shaft for 2 floors!
  6628 | D:8      | Reached * piety under Cheibriados
  6860 | D:8      | Reached skill level 6 in Fighting
  6939 | D:8      | Reached XP level 9. HP: 74/75 MP: 10/10
  7176 | D:7      | Reached ** piety under Cheibriados
  7227 | D:7      | Found an opulent altar of Gozag.
  7969 | D:6      | Reached skill level 7 in Fighting
  8109 | D:6      | Found a staircase to the Ecumenical Temple.
  8187 | D:6      | Reached *** piety under Cheibriados
  8342 | D:7      | Found Ovvy's Magic Scroll Shoppe.
  8350 | D:7      | Bought a scroll of enchant weapon for 112 gold pieces
  8350 | D:7      | Bought a scroll of identify for 30 gold pieces
  8350 | D:7      | Bought a scroll of fog for 30 gold pieces
  8350 | D:7      | Bought a scroll of identify for 30 gold pieces
  8350 | D:7      | Bought a scroll of identify for 30 gold pieces
  8350 | D:7      | Bought a scroll of teleportation for 45 gold pieces
  8357 | D:7      | Bought a scroll of immolation for 52 gold pieces
  8424 | D:7      | Found a hide-covered altar of Uskayaw.
  8866 | D:8      | Reached skill level 10 in Unarmed Combat
  8881 | D:8      | Reached XP level 10. HP: 82/87 MP: 11/11
  8933 | D:8      | Found a radiant altar of Vehumet.
  9018 | D:8      | Reached skill level 8 in Fighting
  9208 | D:8      | Found a white marble altar of Elyvilon.
  9250 | D:8      | Noticed a two-headed ogre
  9259 | D:8      | Killed a two-headed ogre
  9259 | D:8      | Reached skill level 9 in Fighting
  9699 | D:9      | Reached **** piety under Cheibriados
  9699 | D:9      | Reached skill level 10 in Fighting
  9870 | D:9      | Noticed a green ugly thing
  9882 | D:9      | Killed a green ugly thing
  9898 | D:9      | Noticed Likado's ghost (novice DDFi)
  9931 | D:9      | Killed Likado's ghost
  9954 | D:9      | Noticed a two-headed ogre
  9960 | D:9      | Reached skill level 10 in Armour
 10072 | D:9      | Found a shadowy altar of Dithmenos.
 10253 | D:9      | Reached skill level 1 in Invocations
 10439 | D:9      | Reached XP level 11. HP: 93/98 MP: 12/12
 10471 | D:9      | Learned a level 6 spell: Statue Form
 10782 | D:9      | Got a translucent crystal amulet
 10825 | D:9      | Identified the amulet "Uledol" {MR+ Regen+} (You found it on level 9 of the Dungeon)
 10832 | D:9      | Killed a two-headed ogre
 10989 | D:10     | Entered Level 10 of the Dungeon
 11026 | D:10     | Reached skill level 1 in Earth Magic
 11035 | D:10     | Reached skill level 1 in Transmutations
 11559 | D:10     | Found a staircase to the Lair.
 11585 | D:10     | Found a staircase to the Orcish Mines.
 11783 | D:10     | Found a portal to a secret trove of treasure.
 11921 | D:11     | Noticed a two-headed ogre
 11926 | D:11     | Killed a two-headed ogre
 12049 | D:11     | Noticed a green ugly thing
 12056 | D:11     | Killed a green ugly thing
 12056 | D:11     | Reached ***** piety under Cheibriados
 12219 | D:11     | Killed an unseen horror
 12612 | D:12     | Reached XP level 12. HP: 96/106 MP: 14/14
 12682 | D:12     | Reached skill level 5 in Invocations
 13023 | D:13     | Noticed a centaur warrior
 13033 | D:13     | Killed a centaur warrior
 13095 | D:13     | Noticed a two-headed ogre
 13101 | D:13     | Killed a two-headed ogre
 13120 | D:13     | Found a labyrinth entrance.
 13125 | Lab      | Entered a labyrinth
 13314 | Lab      | Noticed a minotaur
 13322 | Lab      | Killed a minotaur
 13504 | D:13     | Reached skill level 5 in Transmutations
 13637 | D:13     | Noticed a death knight
 13654 | D:13     | Killed a death knight
 13654 | D:13     | Reached skill level 5 in Earth Magic
 13913 | D:12     | Noticed a fire dragon
 13913 | D:12     | Noticed an ettin
 13913 | D:12     | Noticed a tengu warrior
 13913 | D:12     | Noticed a death knight
 14204 | D:12     | Killed a tengu warrior
 14204 | D:12     | Reached ****** piety under Cheibriados
 14333 | D:12     | Killed a fire dragon
 14408 | D:12     | Reached XP level 13. HP: 98/113 MP: 17/17
 14780 | Lair:1   | Entered Level 1 of the Lair of Beasts
 16841 | Lair:3   | Noticed Rupert
 16859 | Lair:3   | Killed Rupert
 16859 | Lair:3   | Reached skill level 1 in Spellcasting
 17089 | Lair:3   | Reached XP level 14. HP: 93/121 MP: 19/19
 17940 | Lair:4   | Found a dark tunnel.
 17946 | Volcano  | Entered a volcano
 18004 | Volcano  | Reached skill level 5 in Spellcasting
 18599 | Lair:4   | Found a staircase to the Shoals.
 18657 | Lair:4   | Found a hole to the Spider Nest.
 19479 | Lair:6   | Entered Level 6 of the Lair of Beasts
 19481 | Lair:6   | Noticed DarkwingDuck's ghost (journeyman MiFi)
 19674 | Lair:6   | Killed DarkwingDuck's ghost
 20073 | Lair:6   | Reached skill level 10 in Earth Magic
 20188 | Lair:6   | Reached XP level 15. HP: 120/126 MP: 21/21
 20242 | Lair:6   | Reached skill level 10 in Transmutations
 20692 | D:13     | Found a gate to the Vaults.
 21191 | D:14     | Found a burning altar of Makhleb.
 21613 | D:15     | Entered Level 15 of the Dungeon
 21654 | D:15     | Noticed Josephine
 21658 | D:15     | Killed Josephine
 21756 | D:15     | Noticed Agnes
 21761 | D:15     | Killed Agnes
 21814 | D:15     | Upgraded the game from 0.20-a0-972-gb9bd3e6 to 0.20-a0-984-ge8aa303
 22097 | D:15     | Noticed an azure jelly
 22098 | D:15     | Noticed a quicksilver dragon
 22098 | D:15     | an azure jelly changed into a quicksilver dragon
 22099 | D:15     | a quicksilver dragon changed into an iron troll
 22157 | D:15     | Found a staircase to the Depths.
 22278 | D:15     | Noticed Roxanne
 22480 | D:15     | Killed Roxanne
 22653 | Orc:1    | Entered Level 1 of the Orcish Mines
 22653 | Orc:1    | Found a frozen archway.
 22700 | IceCv    | Entered an ice cave
 22880 | IceCv    | Found an ancient bone altar of Kikubaaqudgha.
 23042 | IceCv    | Reached XP level 16. HP: 134/134 MP: 19/24
 23073 | IceCv    | Got an ancient hat
 23080 | IceCv    | Identified the cursed +0 hat of the Shining Light {Str+3} (You found it in an ice cave)
 23223 | Orc:1    | Noticed Snorg
 23224 | Orc:1    | Found a roughly hewn altar of Beogh.
 23224 | Orc:1    | Noticed Erica
 23231 | Orc:1    | Killed Snorg
 23240 | Orc:1    | Killed Erica
 23421 | Orc:2    | Entered Level 2 of the Orcish Mines
 23430 | Orc:2    | Gained mutation: You possess an exceptional clarity of mind. [a neqoxec]
 23469 | Orc:2    | Found Ekobud's Antique Weapon Emporium.
 23633 | Orc:1    | Noticed Erolcha
 23640 | Orc:1    | Killed Erolcha
 23984 | Orc:2    | Found Egussabu's Jewellery Shoppe.
 24052 | Orc:2    | Found Wiarimian's General Store.
 24068 | Orc:2    | Bought a scroll of identify for 34 gold pieces
 24068 | Orc:2    | Bought a scroll of summoning for 161 gold pieces
 24140 | Orc:2    | Found a staircase to the Elven Halls.
 24300 | Orc:2    | Reached skill level 11 in Fighting
 24335 | Orc:2    | Found Palof's Antique Armour Shoppe.
 24352 | Orc:2    | Bought an embroidered hat for 245 gold pieces
 24599 | Orc:2    | Found Feyvuder's Book Emporium.
 24714 | Lair:1   | Learned a level 5 spell: Blade Hands
 24716 | Lair:1   | Learned a level 1 spell: Apportation
 24720 | Lair:1   | Learned a level 3 spell: Regeneration
 25062 | Lair:6   | Found a staircase to the Slime Pits.
 25062 | Lair:6   | Found a viscous altar of Jiyva.
 25260 | Shoals:1 | Entered Level 1 of the Shoals
 25660 | Shoals:1 | Noticed Mattviviwu's ghost (journeyman MiFi)
 25666 | Shoals:1 | Killed Mattviviwu's ghost
 26258 | Shoals:2 | Noticed a kraken
 26267 | Shoals:2 | Killed a kraken
 26473 | Shoals:2 | Reached skill level 10 in Dodging
 26782 | Shoals:2 | Identified a scroll of acquirement
 27531 | Shoals:3 | Reached skill level 12 in Fighting
 27531 | Shoals:3 | Reached skill level 15 in Unarmed Combat
 27918 | Shoals:3 | Reached XP level 17. HP: 143/146 MP: 25/25
 28413 | Shoals:4 | Entered Level 4 of the Shoals
 28421 | Shoals:4 | Noticed diesel's ghost (adept DECj)
 28428 | Shoals:4 | Killed diesel's ghost
 28828 | Shoals:4 | Noticed Ilsuiw
 28834 | Shoals:4 | Killed Ilsuiw
 29220 | Shoals:4 | Reached skill level 13 in Fighting
 29414 | Shoals:4 | Got a barnacled rune of Zot
 30038 | Spider:1 | Entered Level 1 of the Spider Nest
 30315 | Spider:1 | Noticed pialpha's ghost (adept MiFi)
 30339 | Spider:1 | Killed pialpha's ghost
 30445 | Spider:1 | Reached skill level 14 in Fighting
 30775 | Spider:2 | Noticed Jorgrun
 30783 | Spider:2 | Killed Jorgrun
 30783 | Spider:2 | Reached XP level 18. HP: 160/160 MP: 7/26
 30818 | Spider:2 | Noticed Arachne
 30820 | Spider:2 | Noticed Azrael
 30827 | Spider:2 | Killed Arachne
 30830 | Spider:2 | Killed Azrael
 30847 | Spider:2 | Learned a level 1 spell: Summon Butterflies
 31299 | Spider:3 | Reached skill level 10 in Invocations
 32069 | Spider:4 | Entered Level 4 of the Spider Nest
 32835 | Spider:4 | Got a gossamer rune of Zot
 33295 | Spider:4 | Reached XP level 19. HP: 134/167 MP: 28/28
 33886 | Vaults:1 | Entered Level 1 of the Vaults
 33892 | Vaults:1 | Noticed xnavy's ghost (adept BaBe)
 33912 | Vaults:1 | Killed xnavy's ghost
 34545 | Vaults:1 | Reached skill level 15 in Invocations
 34830 | Vaults:1 | Gained mutation: You have supernaturally acute eyesight. (SInv) [mutagenic glow]
 35637 | Vaults:1 | Noticed a lich
 35644 | Vaults:1 | Killed a lich
 36118 | Vaults:2 | Noticed Aizul
 36124 | Vaults:2 | Killed Aizul
 36129 | Vaults:2 | Reached XP level 20. HP: 130/174 MP: 32/32
 37065 | Vaults:2 | Found a staircase to the Crypt.
 37450 | Elf:1    | Entered Level 1 of the Elven Halls
 37572 | Elf:1    | Noticed a golden dragon
 37572 | Elf:1    | an iron dragon changed into a golden dragon
 37573 | Elf:1    | a golden dragon changed into a frost giant
 38355 | Elf:2    | Found a radiant altar of Vehumet.
 38398 | Elf:2    | Found a flickering gateway to a bazaar.
 38414 | Bazaar   | Entered a bazaar
 38416 | Bazaar   | Found Ynumiom's Magic Scroll Boutique.
 38420 | Bazaar   | Found Sirekh's Jewellery Boutique.
 38420 | Bazaar   | Found Syryxt's Armour Boutique.
 38421 | Bazaar   | Found Xosar's Food Boutique.
 38431 | Bazaar   | Bought a +5 ring of evasion for 990 gold pieces
 38436 | Bazaar   | Bought a +2 pair of gloves of archery for 322 gold pieces
 38449 | Bazaar   | Bought a +1 shield of poison resistance for 202 gold pieces
 38472 | Bazaar   | Bought a scroll of immolation for 28 gold pieces
 38472 | Bazaar   | Bought a scroll of recharging for 76 gold pieces
 38472 | Bazaar   | Bought a scroll of summoning for 76 gold pieces
 38472 | Bazaar   | Bought a scroll of fog for 16 gold pieces
 38472 | Bazaar   | Bought a scroll of silence for 60 gold pieces
 38472 | Bazaar   | Bought a scroll of teleportation for 24 gold pieces
 38472 | Bazaar   | Bought a scroll of remove curse for 24 gold pieces
 38472 | Bazaar   | Bought a scroll of magic mapping for 28 gold pieces
 38472 | Bazaar   | Bought a scroll of vulnerability for 60 gold pieces
 38472 | Bazaar   | Bought a scroll of identify for 16 gold pieces
 38472 | Bazaar   | Bought a scroll of fear for 28 gold pieces
 38610 | Elf:2    | Found Qawnio's Distillery.
 38613 | Elf:2    | Reached skill level 1 in Shields
 38616 | Elf:2    | Bought 2 potions of mutation for 256 gold pieces
 38617 | Elf:2    | Bought a potion of might for 64 gold pieces
 38617 | Elf:2    | Bought a potion of might for 64 gold pieces
 38617 | Elf:2    | Bought a potion of agility for 64 gold pieces
 38617 | Elf:2    | Bought a potion of heal wounds for 80 gold pieces
 38617 | Elf:2    | Bought a potion of might for 64 gold pieces
 38836 | Elf:2    | Found a runed gate.
 38836 | Elf:2    | Found a runed gate.
 38836 | Elf:2    | Found a runed gate.
 38869 | Elf:2    | Reached skill level 5 in Shields
 39291 | Elf:3    | Entered Level 3 of the Elven Halls
 39504 | Elf:3    | Reached XP level 21. HP: 181/181 MP: 33/33
 39520 | Elf:3    | Reached skill level 10 in Shields
 39722 | Elf:3    | Identified the +3 scale mail of Guqulok {rN+} (You took it off a deep elf blademaster on level 3 of the Elven Halls)
 39900 | Elf:3    | Identified the Tome of Combat Magic
 39916 | Elf:3    | Identified Sif Muna's Collected Works on Frigorific Sinister Magic
 40048 | Elf:3    | Identified the Catalogue of Cloudy Boosts
 40346 | Elf:3    | Got a bound lead ring
 40351 | Elf:3    | Identified the ring of Vez Aqyo {Fire rElec MP+9 Slay+2} (You took it off a deep elf death mage on level 3 of the Elven Halls)
 41415 | Vaults:3 | Identified the cursed ring of Miracles {rElec rPois AC-3 Dex+3} (You found it on level 3 of the Vaults)
 41473 | Vaults:3 | Reached skill level 15 in Shields
 41593 | Vaults:3 | Noticed Margery
 41609 | Vaults:3 | Killed Margery
 41696 | Vaults:3 | You are sucked into a shaft!
 41833 | Vaults:4 | Noticed Sojobo
 41942 | Vaults:4 | Reached skill level 15 in Fighting
 41948 | Vaults:4 | Reached XP level 22. HP: 192/192 MP: 30/34
 42031 | Vaults:4 | Paralysed by a sphinx for 5 turns
 42382 | Vaults:4 | Reached skill level 16 in Fighting
 42392 | Vaults:4 | Killed Sojobo
 42729 | Vaults:3 | Noticed Frederick
 42735 | Vaults:3 | Noticed Asterion
 42744 | Vaults:3 | Killed Frederick
 42752 | Vaults:3 | Killed Asterion
 44103 | Vaults:4 | Identified the cursed +0 pair of gloves of Noawacan {rF+} (You found it on level 4 of the Vaults)
 44273 | Vaults:5 | Entered Level 5 of the Vaults
 44277 | Vaults:5 | Noticed a golden dragon
 44277 | Vaults:5 | Reached XP level 23. HP: 89/203 MP: 35/35
 44804 | Vaults:5 | Got a ring of the Octopus King
 45136 | Vaults:5 | Identified the Volume of Earthen Protection
 45144 | Vaults:5 | Got a silver rune of Zot
 45188 | Vaults:5 | Learned a level 5 spell: Silence
 45403 | Vaults:5 | Reached skill level 1 in Air Magic
 45408 | Vaults:5 | Reached skill level 1 in Hexes
 45446 | Vaults:5 | Identified a ring of the Octopus King {rC+ AC+1 EV+1 Str+1 Int+1 Dex+1} (You took it off a fire giant on level 5 of the Vaults)
 46354 | Depths:1 | Entered Level 1 of the Depths
 46376 | Depths:1 | Reached XP level 24. HP: 211/211 MP: 35/35
 46493 | Depths:1 | Reached skill level 5 in Air Magic
 46520 | Depths:1 | Reached skill level 5 in Hexes
 46699 | Depths:2 | Found a one-way gate leading to the halls of Pandemonium.
 46706 | Depths:2 | Identified the +0 cloak of Undesirable Species {+Inv SInv Stlth+} (You found it on level 2 of the Depths)
 46720 | Depths:2 | Found a gateway to a ziggurat.
 46957 | Depths:2 | Found a gateway to Hell.
 47292 | Depths:2 | Identified the Disquisition on the Ghastly Compass
 47293 | Depths:2 | Identified the Incunabulum of Boosting Snow
 47298 | Depths:2 | Learned a level 2 spell: Blink
 47914 | Depths:3 | Noticed the Enchantress
 47922 | Depths:3 | Killed the Enchantress
 47930 | Depths:3 | Identified the +1 faerie dragon scales {+Inv rElec rF- rCorr} (You took it off the Enchantress on level 3 of the Depths)
 47980 | Depths:5 | Entered Level 5 of the Depths
 47983 | Depths:5 | Reached XP level 25. HP: 217/217 MP: 30/35
 48043 | Depths:5 | Found a gate to the Realm of Zot.
 48182 | Zot:1    | Entered Level 1 of the Realm of Zot
 48187 | Zot:1    | Reached skill level 17 in Fighting
 48632 | Zot:4    | Reached skill level 18 in Fighting
 49053 | Zot:5    | Entered Level 5 of the Realm of Zot
 49129 | Zot:5    | Noticed an ancient lich
 49134 | Zot:5    | Killed an ancient lich
 49196 | Zot:5    | Reached skill level 15 in Dodging
 49261 | Zot:5    | Reached skill level 19 in Fighting
 49309 | Zot:5    | Noticed an ancient lich
 49312 | Zot:5    | Killed an ancient lich
 49378 | Zot:5    | Reached XP level 26. HP: 237/237 MP: 31/35
 49422 | Zot:5    | Noticed an ancient lich
 49428 | Zot:5    | Killed an ancient lich
 49436 | Zot:5    | Noticed an orb of fire
 49444 | Zot:5    | Killed an orb of fire
 49452 | Zot:5    | Noticed an ancient lich
 49516 | Zot:5    | Killed an ancient lich
 49516 | Zot:5    | Reached skill level 20 in Fighting
 49577 | Zot:5    | Noticed an orb of fire
 49586 | Zot:5    | Gained mutation: Your body sometimes deteriorates upon taking damage. [an orb of fire]
 49587 | Zot:5    | Killed an orb of fire
 49614 | Zot:5    | Noticed an orb of fire
 49615 | Zot:5    | Noticed an orb of fire
 49618 | Zot:5    | Killed an orb of fire
 49624 | Zot:5    | Gained mutation: You are dopey. (Int -2) [an orb of fire]
 49628 | Zot:5    | Killed an orb of fire
 49636 | Zot:5    | Noticed an ancient lich
 49645 | Zot:5    | Killed an ancient lich
 49661 | Zot:5    | Reached skill level 21 in Fighting
 49735 | Zot:5    | Noticed an orb of fire
 49737 | Zot:5    | Gained mutation: You expend magic power (3 MP) to strengthen your wands. [an orb of fire]
 49742 | Zot:5    | Gained mutation: Armour fits poorly on your strangely shaped body. [an orb of fire]
 49743 | Zot:5    | Killed an orb of fire
 49824 | Zot:5    | Noticed an orb of fire
 49828 | Zot:5    | Noticed an orb of fire
 49836 | Zot:5    | Killed an orb of fire
 49843 | Zot:5    | Killed an orb of fire
 49861 | Zot:5    | Noticed an ancient lich
 49869 | Zot:5    | Killed an ancient lich
 49869 | Zot:5    | Reached skill level 22 in Fighting
 49957 | Zot:5    | Noticed an orb of fire
 49962 | Zot:5    | Killed an orb of fire
 49962 | Zot:5    | Reached XP level 27. HP: 254/254 MP: 30/35
 50081 | Zot:5    | Got the Orb of Zot
 50083 | Zot:5    | Noticed an ancient lich
 50085 | Zot:5    | Killed an ancient lich
 50185 | Zot:5    | Noticed an ancient lich
 50193 | Zot:5    | Killed an ancient lich
 50303 | Zot:1    | Found a stormy altar of Qazlal.
 50303 | Zot:1    | Noticed an ancient lich
 50304 | Zot:1    | Paralysed by an ancient lich for 5 turns
 50323 | Zot:2    | Killed an ancient lich
 50405 | Depths:4 | Reached skill level 23 in Fighting
 50485 | Depths:2 | Gained mutation: Your body often deteriorates upon taking damage. [a cacodemon]
 50618 | D:11     | Noticed Maocseusm the pandemonium lord
 50799 | D:$      | Escaped with the Orb!

Table legend:
 A = Turns spent in this place as a percentage of turns spent in the entire game.
 B = Non-inter-level travel turns spent in this place as a percentage of non-inter-level travel turns spent in the entire game.
 C = Inter-level travel turns spent in this place as a percentage of turns spent in this place.
 D = Turns resting spent in this place as a percentage of non-inter-level travel turns spent in this place.
 E = Turns spent auto-exploring this place as a percentage of non-inter-level travel turns spent in this place.
 F = Non-inter-level travel turns spent in this place divided by the number of levels of this place that you've seen.
                   A       B       C       D       E      F
               +-------+-------+-------+-------+-------+----------------------
         Total | 100.0 | 100.0 |   0.6 |   3.5 |   8.1 | 407.1
       Dungeon |  25.8 |  25.7 |   1.0 |   3.2 |   9.3 | 369.4
          Lair |   8.2 |   8.2 |   1.1 |   3.8 |  11.0 | 295.2
        Shoals |   9.5 |   9.5 |   0.5 |   4.9 |   7.1 | 511.0
   Spider Nest |   8.4 |   8.4 |   0.3 |   3.7 |   6.7 | 453.8
  Orcish Mines |   3.1 |   3.1 |   1.0 |   2.7 |  13.6 | 337.0
   Elven Halls |   8.2 |   8.2 |   0.5 |   2.4 |   8.0 | 591.7
        Vaults |  19.2 |  19.3 |   0.3 |   3.2 |   9.6 | 831.2
        Depths |   6.5 |   6.5 |   0.8 |   2.4 |   4.5 | 279.6
           Zot |   7.5 |   7.5 |   0.4 |   4.9 |   3.1 | 323.8
     Labyrinth |   1.1 |   1.1 |   0.0 |   2.5 |   0.0 | 242.0
        Bazaar |   0.3 |   0.3 |   0.0 |   0.0 |  12.3 |  57.0
      Ice Cave |   1.1 |   1.1 |   0.0 |   6.4 |   4.3 | 234.0
       Volcano |   1.2 |   1.2 |   0.0 |   4.4 |   4.0 | 250.0
               +-------+-------+-------+-------+-------+----------------------

Table legend:
 A = Kills in this place as a percentage of kills in entire the game.
 B = Kills by you in this place as a percentage of kills by you in the entire game.
 C = Kills by friends in this place as a percentage of kills by friends in the entire game.
 D = Other kills in this place as a percentage of other kills in the entire game.
 E = Experience gained in this place as a percentage of experience gained in the entire game.
 F = Experience gained in this place divided by the number of levels of this place that you have seen.
                   A       B       C       D       E      F
               +-------+-------+-------+-------+-------+----------------------
         Total | 100.0 | 100.0 | 100.0 | 100.0 | 100.0 | 29996.8
       Dungeon |  22.0 |  22.1 |   0.0 |  16.7 |   5.3 | 5615.0
          Lair |   8.5 |   8.5 |   0.0 |   0.0 |   4.0 | 10641.3
        Shoals |   5.8 |   5.9 |   0.0 |   0.0 |   5.3 | 20953.0
   Spider Nest |  11.4 |  11.2 | 100.0 |  16.7 |   7.4 | 29304.5
  Orcish Mines |   5.6 |   5.6 |   0.0 |   0.0 |   1.4 | 11259.5
   Elven Halls |   7.2 |   7.2 |   0.0 |   0.0 |   8.7 | 46022.3
        Vaults |  22.1 |  22.2 |   0.0 |  16.7 |  28.9 | 91878.8
        Depths |   8.6 |   8.6 |   0.0 |  16.7 |  13.8 | 43904.2
           Zot |   5.6 |   5.6 |   0.0 |  16.7 |  24.3 | 77180.4
     Labyrinth |   0.2 |   0.2 |   0.0 |   0.0 |   0.1 | 2132.0
      Ice Cave |   2.1 |   2.1 |   0.0 |   0.0 |   0.4 | 6639.0
       Volcano |   0.8 |   0.8 |   0.0 |  16.7 |   0.4 | 6555.0
               +-------+-------+-------+-------+-------+----------------------

Action                   |  1- 3 |  4- 6 |  7- 9 | 10-12 | 13-15 | 16-18 | 19-21 | 22-24 | 25-27 || total
-------------------------+-------+-------+-------+-------+-------+-------+-------+-------+-------++-------
Melee: Unarmed           |   112 |     8 |   344 |   565 |   982 |   923 |   898 |   964 |   458 ||  5254
       Headbutt          |    15 |    31 |    84 |   218 |   358 |   276 |   296 |   339 |   156 ||  1773
       Dagger            |       |   174 |     2 |       |       |       |       |       |       ||   176
       Punch             |       |     3 |    16 |    62 |   113 |    96 |    82 |       |       ||   372
Throw: Throwing net      |       |       |       |       |       |       |       |       |     1 ||     1
 Cast: Statue Form       |       |       |       |       |    22 |    88 |    69 |    65 |    43 ||   287
       Silence           |       |       |       |       |       |       |       |     3 |     7 ||    10
Invok: Bend Time         |       |       |       |       |     1 |       |       |       |       ||     1
       Slouch            |       |       |       |       |     3 |    19 |    17 |     9 |    14 ||    62
       Step From Time    |       |       |       |       |       |       |       |     1 |     1 ||     2
 Abil: End Transformatio |       |       |       |       |       |       |     1 |     1 |     1 ||     3
Evoke: Wand              |     3 |     9 |     5 |    20 |    17 |    17 |     2 |       |       ||    73
  Use: Scroll            |     2 |     2 |     4 |     9 |     9 |    17 |    11 |    18 |     5 ||    77
       Potion            |       |     1 |       |     2 |       |       |     1 |       |     9 ||    13
 Stab: Sleeping          |     1 |     1 |       |       |       |     2 |     2 |     2 |       ||     8
       Invisible         |       |       |       |     4 |       |       |       |       |       ||     4
       Distracted        |       |       |       |       |       |     1 |     1 |     2 |     1 ||     5
       Paralysed         |       |       |       |       |       |       |     2 |       |       ||     2
  Eat: Chunk             |     1 |    13 |    14 |     5 |    23 |    57 |    37 |    24 |     1 ||   175
       Royal jelly       |       |     1 |       |       |     3 |     3 |     2 |     6 |     6 ||    21
       Meat ration       |       |       |       |       |       |       |     1 |     1 |     2 ||     4
Armor: Leather armour    |    37 |    51 |       |       |       |       |       |       |       ||    88
       Scale mail        |       |     4 |   121 |   191 |   327 |   120 |    49 |       |       ||   812
       Skin              |       |       |       |       |   144 |   546 |   253 |   335 |   156 ||  1434
       Robe              |       |       |       |       |       |       |     2 |    31 |     8 ||    41
Dodge: Dodged            |    86 |   151 |   238 |   458 |  1193 |  2074 |  1235 |  1019 |   523 ||  6977
Block: Shield            |       |       |       |       |       |       |   197 |  1091 |   530 ||  1818

Vanquished Creatures
  9 ancient liches
  8 orbs of fire (Zot:5)
  Sojobo (Vaults:4)
  Margery (Vaults:3)
  Frederick (Vaults:3)
  2 curse toes
  A caustic shrike (Depths:2)
  2 Killer Klowns (Zot:5)
  5 golden dragons
  A bone dragon (Depths:5)
  the Enchantress (Depths:3)
  2 Tzitzimimeh
  Arachne (Spider:2)
  The ghost of xnavy the Barachian Blade, an adept BaBe of Trog (Vaults:1)
  2 electric golems (Zot:5)
  11 tentacled monstrosities
  9 liches
  Jorgrun (Spider:2)
  Rupert (Lair:3)
  Asterion (Vaults:3)
  28 Orb Guardians
  2 deep elf blademasters (Elf:3)
  6 titans
  3 quicksilver dragons
  2 deep elf master archers (Elf:3)
  The ghost of pialpha the Executioner, an adept MiFi of Okawaru (Spider:1)
  A kraken (Shoals:2)
  5 death cobs
  10 sphinxes
  The ghost of diesel the Sorcerer, an adept DECj of Vehumet (Shoals:4)
  12 shadow dragons
  An ancient champion (Vaults:2)
  10 storm dragons
  Roxanne (D:15)
  Agnes (D:15)
  9 tengu reavers
  2 draconian monks
  Ilsuiw (Shoals:4)
  An iron dragon (Vaults:5)
  A draconian knight (Depths:5)
  8 frost giants
  8 ghost moths
  5 deep elf sorcerers
  9 fire giants
  An emperor scorpion (shapeshifter) (Elf:1)
  12 vault wardens
  A draconian scorcher (Zot:2)
  A cacodemon (Depths:2)
  The ghost of Mattviviwu the Fencer, a journeyman MiFi of Okawaru (Shoals:1)
  6 draconian shifters
  8 emperor scorpions
  3 orc warlords
  5 deep elf elementalists
  Aizul (Vaults:2)
  9 very ugly things
  2 balrugs
  2 draconian annihilators
  16 stone giants
  16 ironheart preservers
  An angel (Zot:5)
  4 spriggan defenders
  A reaper (D:7)
  3 war gargoyles (Vaults:5)
  2 vampire knights
  3 black draconians
  Azrael (Spider:2)
  3 entropy weavers
  2 purple draconians
  A dire elephant (shapeshifter) (D:15)
  8 deep elf demonologists
  3 yellow draconians
  6 green draconians
  6 red draconians
  5 spark wasps
  The ghost of DarkwingDuck the Fighter, a journeyman MiFi of the Shining One (Lair:6)
  4 deep elf annihilators
  6 white draconians
  Snorg (Orc:1)
  2 green deaths (Zot:5)
  6 merfolk javelineers
  10 ettins
  2 blizzard demons (Zot:5)
  11 fire dragons
  A crystal guardian (Vaults:4)
  9 merfolk impalers
  An eidolon (Vaults:2)
  Josephine (D:15)
  7 deep elf death magi
  A minotaur (Lab)
  5 deep elf high priests
  6 great orbs of eyes
  11 yaktaur captains
  Erolcha (Orc:1)
  17 ogre magi
  A hell beast (Zot:1)
  14 ice dragons
  37 vault guards
  3 spriggan air magi
  Erica (Orc:1)
  5 rakshasas
  4 alligator snapping turtles
  7 hydras
  12 centaur warriors
  2 merfolk avatars
  3 merfolk aquamancers
  4 death knights
  60 two-headed ogres
  A satyr (Shoals:3)
  10 tengu warriors
  The ghost of Likado the Fencer, a novice DDFi of Elyvilon (D:9)
  8 death yaks
  28 dancing weapons
  A vampire mage (Depths:2)
  7 deep troll shamans
  8 deep troll earth magi
  3 orc high priests (Orc:2)
  29 deep elf knights
  9 hell knights
  A soul eater (Zot:1)
  A sun demon (Depths:2)
  4 iron trolls
  3 spriggan berserkers
  6 sixfirhies
  2 shadow wraiths (Vaults:1)
  8 skeletal warriors
  11 sea snakes
  A glowing orange brain (shapeshifter) (Depths:2)
  7 wizards
  3 flayed ghosts
  6 unseen horrors
  3 glowing orange brains
  20 ironbrand convokers
  22 deep elf archers
  A lindwurm (Lair:6)
  43 deep trolls
  2 anaconda skeletons (Volcano)
  A lindwurm (shapeshifter) (Vaults:2)
  6 phantasmal warriors
  23 harpies
  16 orc knights
  6 necromancers
  28 wolf spiders
  23 orb spiders
  36 ugly things
  19 manticores
  7 orc sorcerers
  88 deep elf magi
  11 fauns
  2 salamanders (shapeshifter)
  13 moths of wrath
  11 cyclopes
  19 elephants
  6 water nymphs
  A guardian serpent (Vaults:4)
  A guardian serpent (shapeshifter) (Depths:1)
  10 merfolk sirens
  An orange demon (Depths:2)
  A smoke demon (Zot:5)
  16 vault sentinels
  2 black mambas
  A torpor snail (Spider:2)
  7 centaur zombies
  14 spiny frogs
  An ice statue (IceCv)
  5 gargoyles
  5 spectral swamp worms (Depths:3)
  4 rime drakes
  11 demonic crawlers
  An efreet (D:13)
  A guardian mummy (D:10)
  4 komodo dragons
  19 freezing wraiths
  38 yaktaurs
  2 kobold demonologists (D:15)
  4 tengu conjurers
  An ice devil (Depths:2)
  A hellwing (Zot:5)
  A redback zombie (D:15)
  A queen bee (Lair:3)
  3 polar bears
  3 red devils
  44 jumping spiders
  12 trolls
  2 minotaur zombies (Lab)
  A wolf spider simulacrum (IceCv)
  27 merfolk
  A troll (shapeshifter) (Vaults:3)
  16 hornets
  5 wind drakes
  2 harpy skeletons (Volcano)
  9 snapping turtles
  20 blink frogs
  A blink frog (shapeshifter) (D:15)
  18 slime creatures
  9 dream sheep
  11 hippogriffs
  2 polar bears (shapeshifter)
  A fire giant simulacrum (Vaults:2)
  105 redbacks
  15 water elementals
  2 flying skulls (Volcano)
  2 spriggans (Depths:3)
  A vampire (D:15)
  6 air elementals
  4 shadows
  2 alligator skeletons (Volcano)
  15 wraiths
  A yak (shapeshifter) (D:15)
  4 wyverns
  A large abomination (Zot:4)
  16 yaks
  43 tarantellas
  A hog (shapeshifter) (D:15)
  A basilisk (Lair:1)
  4 fire elementals
  2 hungry ghosts
  A basilisk (shapeshifter) (D:15)
  2 chaos spawn
  2 death yak simulacra (IceCv)
  4 vampire mosquitoes (D:15)
  12 wargs
  A soldier ant (D:15)
  2 acid dragons
  15 porcupines
  18 water moccasins
  6 hell hounds (Spider:2)
  66 orc warriors
  12 ice beasts
  A sky beast (shapeshifter) (Vaults:5)
  A black bear (shapeshifter) (D:15)
  5 sky beasts
  4 black bears
  2 eyes of draining
  44 ogres
  4 phantoms
  8 boggarts
  2 necrophages
  An eye of draining (shapeshifter) (D:15)
  19 wolves
  25 centaurs
  12 crocodiles
  4 big kobolds
  24 bullfrogs
  4 earth elementals
  A wyvern skeleton (D:11)
  6 scorpions
  A killer bee (shapeshifter) (Vaults:4)
  35 killer bees
  A scorpion (shapeshifter) (Vaults:1)
  A troll skeleton (Volcano)
  13 wights
  2 spriggan skeletons (Volcano)
  3 howler monkeys
  6 electric eels
  9 crimson imps
  2 bullfrog zombies
  11 hounds
  A quasit (D:7)
  2 bullfrog skeletons
  3 draconian simulacra (IceCv)
  7 jellies
  19 orc priests
  2 iron imps
  8 centaur skeletons
  Natasha (thrice) (D:3)
  6 iguanas
  27 orc wizards
  6 worker ants
  6 troll simulacra (IceCv)
  3 spriggan simulacra (IceCv)
  A wolf simulacrum (IceCv)
  4 centaur simulacra (IceCv)
  2 naga skeletons (Volcano)
  A hound zombie (D:6)
  2 hound skeletons
  3 worker ant zombies
  Robin (D:2)
  7 gnolls
  15 adders
  2 naga simulacra (IceCv)
  2 ogre simulacra (IceCv)
  2 shadow imps
  24 white imps
  2 ufetubi
  6 oozes
  2 adder zombies
  2 adder skeletons
  3 worms
  A dart slug (D:3)
  7 leopard geckos
  128 orcs
  6 giant cockroaches
  12 goblins
  14 hobgoblins
  16 jackals
  9 quokkas
  A ball python (D:3)
  10 bats
  7 frilled lizards
  A jackal skeleton (D:4)
  23 kobolds
  2 quokka zombies (D:5)
  13 rats
  2 bushes (D:12)
  4 plants
  4 tentacles (Shoals:2)
2533 creatures vanquished.

Vanquished Creatures (collateral kills)
  An emperor scorpion (Spider:4)
  A moth of wrath (Spider:4)
  3 hornets (Spider:4)
5 creatures vanquished.

Vanquished Creatures (others)
  A stone giant (Depths:2)
  An ogre mage (Vaults:5)
  2 deep elf knights
  An orb spider (Spider:3)
  6 moths of wrath (Zot:5)
  A smoke demon (Zot:5)
  A gargoyle (Volcano)
  2 orange demons (Zot:5)
  A flying skull (Volcano)
  A sky beast (D:6)
  An ogre (Vaults:2)
  A centaur (Depths:1)
  An orc priest (Vaults:4)
  An orc (Orc:1)
  6 bushes (D:12)
  18 fungi
  37 plants
  4 tentacles (Shoals:2)
86 creatures vanquished.

Grand Total: 2624 creatures vanquished
